[Event "Team 45 45 League T40"]
[Site "Internet Chess Club"]
[Date "2009.02.27"]
[Round "5"]
[White "mcplayerus"]
[Black "frank001"]
[Result "0-1"]
[WhiteElo "2046"]
[BlackElo "1984"]
[Opening "Queen's pawn game"]
[ECO "E10"]
[Time "23:00:04"]
[TimeControl "2700+45"]

1. d4 Nf6 2. c4 e6 3. Nf3 c5 4. g3 d5 5. Bg2 Nc6 6. O-O Be7 7. Nc3 O-O 8. Be3
cxd4 9. Nxd4 Nxd4 10. Bxd4 dxc4 11. Rc1 Qa5 12. Qc2 Rb8 13. Rfd1 a6 14. b4 cxb3
15. axb3 b5 16. Be5 Rb7 17. Bxf6 Bxf6 18. Ne4 Rb8 19. Nxf6+ gxf6 20. Rd4 f5 21.
Rh4 Qd8 22. Rd1 Qf6 23. Qc7 Bd7 24. Rxd7 Rbc8 25. Qb7 Rc1+ 26. Bf1 Qa1 27. Qg2
Rfc8 28. Rhd4 R8c2 29. Rd2 Rc3 30. R7d3 Rc7 31. h4 Rb1 32. h5 Rcc1 33. h6 Rxf1+
34. Qxf1 Rxf1+ 35. Kg2 Rg1+ 36. Kf3 Kf8 37. Rd7 Qe5 38. R2d4 Rh1 39. e3 Rxh6 40.
Ra7 Rg6 41. Rxa6 Rg4 42. Rd7 Qe4+ 43. Ke2 Qc2+ 44. Kf3 Rg6 45. Raa7 Rf6 46. Rd8+
Kg7 47. Raa8 Qxb3 48. Rg8+ Kh6 49. Ra1 Qd5+ 50. Ke2 Rg6 51. Rb8 e5 52. Rd1 Qc4+
53. Kf3 Kg7 54. Rdd8 Qe4+ 55. Ke2 Rc6 {White resigns} 0-1

[Event "Team 45 45 League T40"]
[Site "Internet Chess Club"]
[Date "2009.03.01"]
[Round "5"]
[White "natethegreat"]
[Black "QueensCounselor"]
[Result "0-1"]
[WhiteElo "1768"]
[BlackElo "2010"]
[Opening "Sicilian: Alapin's variation (2.c3)"]
[ECO "B22"]
[Time "13:02:40"]
[TimeControl "2700+45"]

1. e4 c5 2. c3 d5 3. exd5 Qxd5 4. d4 Nf6 5. Nf3 e6 6. Bg5 Be7 7. Bb5+ Bd7 8.
Bxd7+ Nbxd7 9. O-O O-O 10. Re1 Rac8 11. Qd2 Rfe8 12. Bxf6 Nxf6 13. Re5 Qc6 14.
Qe2 Bd6 15. Re3 Nd5 16. Re4 f5 17. Ne5 Bxe5 18. Rxe5 cxd4 19. cxd4 Nf4 20. Qf1
Qc2 21. Rb5 Ne2+ 22. Kh1 Nxd4 23. Rxb7 Qc6 24. Rxa7 Nc2 25. Nc3 Nxa1 26. Qxa1
Qb6 27. Rd7 Qxf2 28. Rd1 Rcd8 29. Rf1 Qc5 30. Rc1 Rc8 31. a3 e5 32. b4 Qd4 33.
Qa2+ Kh8 34. Qb2 Rc4 35. Qc2 e4 {White resigns} 0-1

[Event "Team 45 45 League T40"]
[Site "Internet Chess Club"]
[Date "2009.02.28"]
[Round "5"]
[White "LoseOften"]
[Black "avila"]
[Result "1-0"]
[WhiteElo "1799"]
[BlackElo "1692"]
[Opening "French: Rubinstein variation"]
[ECO "C10"]
[Time "13:00:37"]
[TimeControl "2700+45"]

1. e4 e6 2. d4 d5 3. Nc3 dxe4 4. Nxe4 Nd7 5. Nf3 Ngf6 6. Bg5 Be7 7. Nxf6+ Nxf6
8. Bd3 c5 9. dxc5 Bxc5 10. Qe2 O-O 11. O-O-O Qe7 12. Kb1 h6 13. Bh4 Bd7 14. g4
Bc6 15. g5 hxg5 16. Bxg5 e5 17. Nxe5 Bxh1 18. Bxf6 Qxf6 19. Nd7 Qg5 20. Nxf8
Kxf8 21. Rxh1 Re8 22. f4 Qxf4 23. Qh5 Qe5 24. Qh8+ Ke7 25. Qh4+ Kd6 26. Bb5 Re7
27. Rd1+ Kc7 28. Qc4 a6 29. Bxa6 bxa6 30. b4 Kb6 31. bxc5+ Qxc5 32. Qf4 Qe5 33.
Rd6+ Kc5 34. Qxe5+ Rxe5 35. Rxa6 Re2 36. h4 Rh2 37. h5 Kb4 38. Ra7 Rf2 39. Kb2
g6 40. h6 f5 41. Ra8 Rh2 42. Rh8 f4 43. h7 g5 44. Rb8+ Kc4 45. h8=Q Rxh8 46.
Rxh8 f3 47. Rg8 Kd4 48. Rxg5 Ke3 49. Rf5 f2 50. a4 Ke2 51. a5 f1=Q 52. Rxf1 Kxf1
53. a6 {Black resigns} 1-0

[Event "Team 45 45 League T40"]
[Site "Internet Chess Club"]
[Date "2009.03.01"]
[Round "5"]
[White "Caminator"]
[Black "Steinwitz"]
[Result "0-1"]
[WhiteElo "1811"]
[BlackElo "1730"]
[Opening "Scandinavian: Marshall variation"]
[ECO "B01"]
[Time "12:02:39"]
[TimeControl "2700+45"]

1. e4 d5 2. exd5 Nf6 3. d4 Nxd5 4. c4 Nb6 5. Nf3 g6 6. h3 Bg7 7. Be3 Nc6 8. Nc3
O-O 9. Bd3 e5 10. d5 Ne7 11. O-O Nf5 12. Qe2 Nxe3 13. fxe3 Qe7 14. e4 f5 15.
Rae1 fxe4 16. Qxe4 Bf5 17. Qe2 Qc5+ 18. Kh1 Bxd3 19. Qxd3 Nxc4 20. b3 Nd6 21.
Na4 Qb5 22. Qxb5 Nxb5 23. Nc5 Nc3 24. Ne6 Rf5 25. Nxg7 Kxg7 26. Rxe5 Raf8 27.
Re7+ R8f7 28. Rxf7+ Rxf7 29. Rc1 Nxd5 30. Ng5 Re7 31. Rc5 c6 32. Kg1 h6 33. Nf3
Re6 34. Kf2 Nb4 35. Ra5 a6 36. a3 Nd5 37. Nd4 Rd6 38. Ra4 Nc3 39. Rc4 Nb1 40. a4
Na3 41. Rb4 b5 42. Nf3 c5 43. Rg4 Nb1 44. axb5 axb5 45. Kg3 Rd3 46. b4 c4 47.
Kh2 Rb3 48. Ne5 g5 49. Nc6 c3 50. Re4 c2 51. Re1 Rc3 52. Rc1 Rxc6 53. Kg3 Nd2
54. Kf2 Nb3 55. Rh1 c1=Q {White resigns} 0-1

[Event "Team 45 45 League T40"]
[Site "Internet Chess Club"]
[Date "2009.02.26"]
[Round "5"]
[White "predkoo"]
[Black "soccerisfun"]
[Result "1-0"]
[WhiteElo "1765"]
[BlackElo "1423"]
[Opening "Bird: From gambit"]
[ECO "A02"]
[Time "21:30:04"]
[TimeControl "2700+45"]

1. f4 e5 2. fxe5 d6 3. exd6 Bxd6 4. Nf3 Nc6 5. d4 Bg4 6. g3 Qe7 7. Bg2 Nf6 8.
Bg5 h6 9. Bxf6 Qxf6 10. c3 O-O 11. O-O Rfe8 12. Nbd2 Qe7 13. e4 Qd7 14. e5 Bxf3
15. Nxf3 Be7 16. b4 a6 17. Qb3 Qe6 18. d5 Qg6 19. dxc6 bxc6 20. Nd4 Bg5 21. Rae1
Rf8 22. Bxc6 Rad8 23. Bd5 Bd2 24. Nc6 Rde8 25. Re2 Bg5 26. Nd4 Be7 27. e6 f6 28.
Nf5 Qg4 29. Re4 Qg6 30. Bc6 Kh8 31. Bxe8 Rxe8 32. Rd4 Kg8 33. Rd7 Kf8 34. Rxc7
Qg5 35. Rf4 Qg6 36. Qa4 Qh7 37. Nxe7 Qb1+ 38. Kg2 Qb2+ 39. Kh3 Qb1 40. Ng6+ Qxg6
41. Rf7+ Kg8 42. Qxe8+ Kh7 43. Rf8 Qh5+ 44. Qxh5 a5 45. R4xf6 axb4 46. Qg6#
{Black checkmated} 1-0

[Event "Team 45 45 League T40"]
[Site "Internet Chess Club"]
[Date "2009.02.28"]
[Round "5"]
[White "FiendAngelical"]
[Black "pedrin"]
[Result "1-0"]
[WhiteElo "1918"]
[BlackElo "1630"]
[Opening "Sicilian: Najdorf, Poisoned pawn variation"]
[ECO "B97"]
[Time "12:53:17"]
[TimeControl "2700+45"]

1. e4 c5 2. Nf3 d6 3. d4 cxd4 4. Nxd4 Nf6 5. Nc3 a6 6. Bg5 e6 7. f4 Qb6 8. Qd2
Qxb2 9. Rb1 Qa3 10. e5 dxe5 11. fxe5 Nfd7 12. Ne4 Qxa2 13. Rd1 Bc5 14. Be2 O-O
15. Bf6 Nxf6 16. exf6 Bxd4 17. Qg5 g6 18. Rxd4 Kh8 19. O-O Nd7 20. Qh6 Rg8 21.
Ng5 {Black resigns} 1-0

[Event "Team 45 45 League T40"]
[Site "Internet Chess Club"]
[Date "2009.03.03"]
[Round "5"]
[White "andrew28"]
[Black "chessateer"]
[Result "0-1"]
[WhiteElo "1766"]
[BlackElo "1859"]
[Opening "Ruy Lopez: closed"]
[ECO "C90"]
[Time "14:05:36"]
[TimeControl "2700+45"]

1. e4 e5 2. Nf3 Nc6 3. Bb5 Nf6 4. O-O a6 5. Ba4 b5 6. Bb3 Be7 7. Re1 d6 8. h3
Na5 9. d4 Nxb3 10. axb3 exd4 11. Nxd4 O-O 12. Nc3 Bb7 13. Nf5 Qd7 14. Bg5 Bd8
15. Qf3 Nxe4 16. Qg4 Bc8 17. Qxe4 Qxf5 18. Qxa8 Bxg5 19. Qd5 Qg6 20. Ne4 Bf4 21.
Qd3 Bb7 22. Qf3 Be5 23. Nf6+ Bxf6 24. Qxb7 Qxc2 25. Rxa6 Bd4 26. Qf3 Qxb2 27.
Ra8 Qxf2+ 28. Qxf2 Bxf2+ 29. Kxf2 Rxa8 30. Re7 Rc8 31. Ke3 Kf8 32. Re4 Re8 33.
Kd4 Rxe4+ 34. Kxe4 c6 35. b4 Ke7 36. g4 Ke6 37. h4 h6 38. Kd4 g5 39. hxg5 h5 40.
gxh5 Kf5 41. h6 Kg6 42. Ke4 c5 43. bxc5 dxc5 44. Kd5 b4 45. Ke5 b3 46. h7 Kxh7
47. Kf6 Kg8 48. Ke5 b2 {White resigns} 0-1

[Event "Team 45 45 League T40"]
[Site "Internet Chess Club"]
[Date "2009.02.26"]
[Round "5"]
[White "Kravier"]
[Black "foodfight"]
[Result "1-0"]
[WhiteElo "1588"]
[BlackElo "1511"]
[Opening "Sicilian defense"]
[ECO "B40"]
[Time "13:00:18"]
[TimeControl "2700+45"]

1. e4 c5 2. Nf3 e6 3. Nc3 a6 4. a4 b6 5. Bc4 Bb7 6. d3 d6 7. O-O Nc6 8. Re1 Qc7
9. Bf4 Nf6 10. e5 Nd7 11. exd6 Bxd6 12. Bxd6 Qxd6 13. Ne4 Qc7 14. Neg5 Nd8 15.
d4 O-O 16. Nxh7 Qf4 17. Nxf8 Kxf8 18. Ne5 Nxe5 19. Rxe5 Nc6 20. Rh5 Nxd4 21. Be2
Qe4 22. Bf3 Nxf3+ 23. Qxf3 Qxf3 24. gxf3 Ke7 25. Kg2 Rd8 26. Ra3 Rd2 27. Rc3 Bd5
28. Rh8 Rd4 29. b3 b5 30. axb5 axb5 31. Rxc5 Rg4+ 32. Kh3 Rf4 33. Rc7+ Kf6 34.
Rc3 Kg5 35. Kg3 f6 36. h4+ Kf5 37. Rh5+ g5 38. Rh8 Rd4 39. hxg5 fxg5 40. Rf8+
Kg6 41. f4 gxf4+ 42. Rxf4 Rd1 43. f3 Rg1+ 44. Kf2 Rh1 45. Rc8 Rh7 46. Rg8+ Rg7
47. Rg4+ {Black resigns} 1-0

[Event "Team 45 45 League T40"]
[Site "Internet Chess Club"]
[Date "2009.02.26"]
[Round "5"]
[White "g8wrb"]
[Black "goldengel"]
[Result "0-1"]
[WhiteElo "1496"]
[BlackElo "1478"]
[Opening "Ruy Lopez: Wormald (Alapin) attack"]
[ECO "C77"]
[Time "08:03:03"]
[TimeControl "2700+45"]

1. e4 e5 2. Nf3 Nc6 3. Bb5 a6 4. Ba4 Nf6 5. Qe2 b5 6. Bb3 Be7 7. c3 O-O 8. d4 d6
9. h3 Na5 10. dxe5 Nxb3 11. axb3 dxe5 12. Nxe5 Bb7 13. Nd2 Re8 14. f3 Qd6 15.
Ng4 Nh5 16. Qf2 Ng3 17. Rg1 Bh4 18. Kd1 Rad8 19. Kc2 Bxe4+ 20. fxe4 Qd3+ 21. Kd1
Nxe4 22. Qxh4 Nxd2 23. Nf6+ gxf6 24. Qg4+ Kf8 25. Qb4+ Kg8 26. c4 Nxb3+ 27. Bd2
Nxd2 28. Ra3 Nb3+ {White resigns} 0-1

[Event "Team 45 45 League T40"]
[Site "Internet Chess Club"]
[Date "2009.02.27"]
[Round "5"]
[White "scottrugby"]
[Black "Visin"]
[Result "1-0"]
[WhiteElo "1492"]
[BlackElo "1265"]
[Opening "Sicilian: Grand Prix attack"]
[ECO "B23"]
[Time "11:57:16"]
[TimeControl "2700+45"]

1. e4 c5 2. Nc3 Nc6 3. f4 e6 4. Nf3 d5 5. Bb5 Bd7 6. exd5 exd5 7. Nxd5 Bg4 8.
Bxc6+ bxc6 9. Ne3 Nf6 10. h3 Bh5 11. g4 Bg6 12. f5 Bxf5 13. Nxf5 g6 14. Ne3 Nd5
15. d3 Qe7 16. Qe2 Bg7 17. c3 Rb8 18. Nxd5 cxd5 19. Qxe7+ Kxe7 20. O-O Rhe8 21.
Re1+ Kf8 22. Rxe8+ Rxe8 23. Bf4 h6 24. Bd6+ Kg8 25. Re1 Rxe1+ 26. Nxe1 c4 27.
Bc5 a6 28. dxc4 dxc4 29. Nf3 f5 30. gxf5 gxf5 31. Bd4 Bxd4+ 32. Nxd4 Kf7 33.
Nxf5 h5 34. Nd4 Kf6 35. Kf2 Kg5 36. Kf3 Kh4 37. Kg2 Kg5 38. b3 cxb3 39. axb3 Kf6
40. Kg3 Ke5 41. Kh4 {Black resigns} 1-0

[Event "Team 45 45 League T40"]
[Site "Internet Chess Club"]
[Date "2009.03.01"]
[Round "5"]
[White "betto2506"]
[Black "Just-Jim"]
[Result "0-1"]
[WhiteElo "1427"]
[BlackElo "1388"]
[Opening "Four knights: Italian variation"]
[ECO "C55"]
[Time "16:00:18"]
[TimeControl "2700+45"]

1. e4 e5 2. Nf3 Nc6 3. Bc4 Nf6 4. Nc3 h6 5. d3 Bb4 6. Bd2 Bxc3 7. Bxc3 d6 8. a3
a6 9. Qd2 O-O 10. h3 Nh5 11. O-O-O Be6 12. Bxe6 fxe6 13. Qe2 Nf4 14. Qf1 Ng6 15.
h4 b5 16. h5 Nf4 17. g3 Nxh5 18. Rxh5 Rxf3 19. Qg2 Qf8 20. Rf1 a5 21. Bd2 Nd4
22. Kd1 b4 23. a4 Qf6 24. Be3 Nc6 25. b3 Rf8 26. Ke2 d5 27. exd5 exd5 28. Bc5
Rf7 29. g4 e4 30. Rxd5 exd3+ 31. Rxd3 Qe5+ 32. Be3 Qe4 33. Qg1 Ne5 34. Rd8+ Kh7
35. g5 Qxc2+ 36. Rd2 Qe4 37. gxh6 g6 38. Qg5 Ng4 39. Qh4 Rxf2+ 40. Rxf2 Rxf2+
41. Qxf2 Nxf2 42. Rd7+ Kg8 43. Rxc7 Ng4 44. h7+ Kh8 45. Rc8+ Kxh7 46. Rc7+ Kg8
47. Rc8+ Kf7 48. Rc7+ Ke8 {White resigns} 0-1

[Event "Team 45 45 League T40"]
[Site "Internet Chess Club"]
[Date "2009.02.28"]
[Round "5"]
[White "thefranman"]
[Black "IanT"]
[Result "0-1"]
[WhiteElo "1332"]
[BlackElo "1316"]
[Opening "English opening"]
[ECO "A22"]
[Time "20:00:20"]
[TimeControl "2700+45"]

1. c4 e5 2. Nc3 Nf6 3. d3 d5 4. cxd5 Nxd5 5. g3 Bb4 6. Bd2 Bxc3 7. bxc3 Nc6 8.
Bg2 O-O 9. a3 Qd6 10. c4 Nf6 11. e3 Qxd3 12. Ne2 Qxc4 13. O-O Bg4 14. f3 Bh5 15.
Rc1 Qd3 16. Rc3 Qd6 17. e4 Rad8 18. Rc2 Qxa3 19. g4 Nxg4 20. fxg4 Bxg4 21. Qe1
Bxe2 22. Rf2 Nd4 23. Rxc7 Nf3+ 24. Bxf3 Bxf3 25. Rxb7 Qd3 26. Be3 Qxe4 27. Rxf3
Qxf3 28. Rb1 Rd6 29. Qf2 Rg6+ 30. Kf1 Qh1+ 31. Ke2 Qxb1 32. Kf3 Rf6+ {White
resigns} 0-1

[Event "Team 45 45 League T40"]
[Site "Internet Chess Club"]
[Date "2009.03.01"]
[Round "5"]
[White "beerss"]
[Black "BotanicalKnight"]
[Result "0-1"]
[WhiteElo "1405"]
[BlackElo "1593"]
[Opening "Bird's opening"]
[ECO "A02"]
[Time "18:07:07"]
[TimeControl "2700+45"]

1. f4 d6 2. Nf3 Bg4 3. e4 e5 4. fxe5 dxe5 5. Bc4 Nc6 6. Bxf7+ Kxf7 7. O-O Nf6 8.
Ng5+ Kg8 9. Rxf6 Bxd1 10. Rf5 Qd4+ 11. Kh1 Bc5 12. Rf1 Bxc2 13. Nc3 h6 14. Nf3
Rf8 15. d3 Nb4 16. Bd2 Nxd3 17. Nxd4 Bxd4 18. Nd5 Nf2+ 19. Rxf2 Rxf2 20. Ne7+
Kf7 21. Nf5 Rxd2 22. h3 Bxe4 23. Nxd4 Rxd4 24. Rf1+ {White resigns} 0-1

[Event "Team 45 45 League T40"]
[Site "Internet Chess Club"]
[Date "2009.02.28"]
[Round "5"]
[White "BarryNL"]
[Black "seldredg"]
[Result "1-0"]
[WhiteElo "1467"]
[BlackElo "1419"]
[Opening "Réti: King's Indian attack (Barcza system)"]
[ECO "A07"]
[Time "12:30:41"]
[TimeControl "2700+45"]

1. Nf3 d5 2. g3 e6 3. Bg2 Be7 4. O-O Nd7 5. d4 b5 6. a3 Ngf6 7. Nc3 Rb8 8. Re1
c5 9. e4 Nxe4 10. Nxe4 dxe4 11. Rxe4 Bb7 12. Re1 cxd4 13. Qxd4 O-O 14. Bd2 Bc5
15. Qd3 a6 16. Bf4 Rc8 17. Ng5 Bxf2+ 18. Kxf2 Nf6 19. Qxd8 Rfxd8 20. Bxb7 Rxc2+
21. Re2 Ng4+ 22. Ke1 Rc5 23. Rd1 Re8 24. h3 Nf6 25. Ne4 Nxe4 26. Rxe4 h6 27.
Red4 g5 28. Rd8 Rxd8 29. Rxd8+ Kg7 30. Be3 Rc2 31. Bxa6 Rh2 32. h4 gxh4 33. gxh4
Rh1+ 34. Ke2 Rxh4 35. Bxb5 Re4 36. Rd4 Re5 37. Bd3 h5 38. Kf3 f6 39. b4 f5 40.
b5 {Black resigns} 1-0

[Event "Team 45 45 League T40"]
[Site "Internet Chess Club"]
[Date "2009.03.02"]
[Round "5"]
[White "DrOMM"]
[Black "Sir-Anthony"]
[Result "1-0"]
[WhiteElo "1260"]
[BlackElo "1504"]
[Opening "Sicilian"]
[ECO "B50"]
[Time "16:00:13"]
[TimeControl "2700+45"]

1. e4 c5 2. Nf3 d6 3. c3 Nf6 4. e5 dxe5 5. Nxe5 a6 6. d4 e6 7. Be2 cxd4 8. cxd4
Be7 9. Nc3 Nbd7 10. Bf4 Nxe5 11. dxe5 Nd7 12. Bg3 O-O 13. O-O b5 14. Bf3 Rb8 15.
Re1 Bh4 16. Bxh4 Qxh4 17. Bc6 Nb6 18. Re4 Qe7 19. b3 Bb7 20. Bxb7 Qxb7 21. Qd2
b4 22. Rxb4 Rbd8 23. Qe3 Rb8 24. Na4 Qe7 25. Rxb6 Rbc8 26. Rc1 Ra8 27. Rbc6 Rfd8
28. Qc5 Qd7 29. h3 h6 30. Nb6 Qd2 31. Nxa8 Rd5 32. Qc2 Qf4 {Black resigns} 1-0

[Event "Team 45 45 League T40"]
[Site "Internet Chess Club"]
[Date "2009.02.26"]
[Round "5"]
[White "rd00d"]
[Black "wrimle"]
[Result "1-0"]
[WhiteElo "1435"]
[BlackElo "1427"]
[Opening "Caro-Kann: Panov-Botvinnik attack"]
[ECO "B13"]
[Time "15:00:10"]
[TimeControl "2700+45"]

1. e4 c6 2. d4 d5 3. exd5 cxd5 4. c4 Nc6 5. Nc3 Nf6 6. Bg5 Bf5 7. Bxf6 exf6 8.
cxd5 Nb4 9. Bb5+ Bd7 10. Qe2+ Qe7 11. O-O-O Qxe2 12. Bxd7+ Kxd7 13. Ngxe2 Rc8
14. Kb1 Bd6 15. a3 Na6 16. Nb5 Bb8 17. Nec3 Nc7 18. h3 Nxb5 19. Nxb5 a6 20. Nc3
Rhe8 21. Rhe1 Rxe1 22. Rxe1 Ba7 23. Re4 f5 24. Rf4 g6 25. Kc2 h5 26. g4 g5 27.
Rxf5 Bxd4 28. Rxf7+ Kd6 29. Rf5 hxg4 30. hxg4 Rg8 31. Ne4+ Ke7 32. Nxg5 Rc8+ 33.
Kb3 Rf8 34. Rxf8 Kxf8 35. Ne6+ {Black resigns} 1-0

[Event "Team 45 45 League T40"]
[Site "Internet Chess Club"]
[Date "2009.03.01"]
[Round "5"]
[White "AndersO"]
[Black "Invicta-Knight"]
[Result "0-1"]
[WhiteElo "1401"]
[BlackElo "1587"]
[Opening "Scandinavian: Pytel-Wade variation"]
[ECO "B01"]
[Time "07:04:07"]
[TimeControl "2700+45"]

1. e4 d5 2. exd5 Qxd5 3. Nc3 Qd6 4. d4 a6 5. Nf3 Nf6 6. Be2 Bf5 7. Be3 Nc6 8.
Qd2 O-O-O 9. Rd1 Ng4 10. Bf4 Qb4 11. b3 e5 12. Be3 exd4 13. Nxd4 Nxd4 14. Bxd4
Nxf2 15. Kxf2 Rxd4 16. Qg5 Rf4+ 17. Ke1 Qxc3+ 18. Rd2 Qa1+ 19. Rd1 Bb4+ 20. c3
Bxc3# {White checkmated} 0-1

[Event "Team 45 45 League T40"]
[Site "Internet Chess Club"]
[Date "2009.02.28"]
[Round "5"]
[White "stputte"]
[Black "Esslinger"]
[Result "0-1"]
[WhiteElo "1371"]
[BlackElo "1333"]
[Opening "Bird's opening"]
[ECO "A02"]
[Time "19:02:01"]
[TimeControl "2700+45"]

1. f4 Nf6 2. Nf3 d5 3. g3 Bg4 4. Bg2 c5 5. h3 Bd7 6. O-O g6 7. d3 Bg7 8. Ne5 O-O
9. Nc3 e6 10. Nxd7 Nbxd7 11. e4 Nb6 12. e5 Ne8 13. g4 f6 14. exf6 Rxf6 15. f5
Qd7 16. fxg6 Rxg6 17. Ne2 e5 18. Ng3 Nd6 19. Nh5 Qe7 20. Nxg7 Qxg7 21. c3 Rf6
22. Rxf6 Qxf6 23. Qb3 Qe6 24. Be3 c4 25. dxc4 Nbxc4 26. Bc5 b6 27. Bxd6 Qxd6 28.
Rd1 Qc5+ 29. Kh1 e4 30. Re1 Rf8 31. Qc2 Rf2 32. Qc1 Rxb2 33. Qg5+ Kh8 34. Qf6+
Kg8 35. Qg5+ Kh8 36. Qf6+ Kg8 37. Qg5+ Kf8 38. Rf1+ Ke8 39. Qg7 Rxg2 40. Qf7+
Kd8 41. Qg8+ Kc7 42. Qe6 Rf2 43. Rxf2 Qxf2 44. Qxd5 Qe1+ 45. Kh2 Qd2+ 46. Qxd2
Nxd2 47. Kg2 Kd6 48. Kf2 Ke5 49. Ke3 Nc4+ 50. Ke2 Kf4 51. Kf2 e3+ 52. Ke2 Kg3
53. h4 Kxg4 54. a4 Kxh4 55. Kd3 Kg3 56. Kxc4 e2 57. a5 bxa5 58. Kb5 e1=Q 59.
Kxa5 Qxc3+ 60. Ka6 Qe5 61. Kxa7 Qe6 62. Kb7 h6 63. Kc7 h5 64. Kd8 h4 {White
resigns} 0-1

[Event "Team 45 45 League T40"]
[Site "Internet Chess Club"]
[Date "2009.02.28"]
[Round "5"]
[White "kingsrook"]
[Black "houseofcook"]
[Result "1/2-1/2"]
[WhiteElo "1237"]
[BlackElo "1393"]
[Opening "Queen's pawn game"]
[ECO "D04"]
[Time "14:00:08"]
[TimeControl "2700+45"]

1. d4 d5 2. Nf3 Nf6 3. e3 Nbd7 4. Bd3 c5 5. c3 g6 6. Nbd2 Bg7 7. O-O O-O 8. e4
dxe4 9. Nxe4 Nxe4 10. Bxe4 Nf6 11. Bc2 cxd4 12. Qxd4 Nd7 13. Qd1 Ne5 14. h3 Qc7
15. Bf4 Nxf3+ 16. Qxf3 Qb6 17. Rab1 Bd7 18. Be3 Qa6 19. Ra1 Bc6 20. Be4 Rac8 21.
Rfd1 Bxe4 22. Qxe4 Rfd8 23. Rxd8+ Rxd8 24. Qc2 b6 25. a3 Qb7 26. Qe2 e6 27. Rd1
Rd7 28. Rxd7 Qxd7 29. Qd2 Qxd2 30. Bxd2 {Game drawn by mutual agreement} 1/2-1/2

[Event "Team 45 45 League T40"]
[Site "Internet Chess Club"]
[Date "2009.03.02"]
[Round "5"]
[White "kidviper"]
[Black "parrot9"]
[Result "0-1"]
[WhiteElo "1694"]
[BlackElo "1710"]
[Opening "Sicilian: Najdorf, Lipnitzky attack"]
[ECO "B86"]
[Time "15:01:34"]
[TimeControl "2700+45"]

1. e4 c5 2. Nf3 d6 3. d4 cxd4 4. Nxd4 Nf6 5. Nc3 a6 6. Bc4 e6 7. Bb3 Nc6 8. Be3
Be7 9. Qe2 O-O 10. O-O-O Qc7 11. g4 b5 12. g5 Nd7 13. Nxc6 Qxc6 14. h4 b4 15.
Na4 Qxe4 16. f3 Qf5 17. Bc4 Bb7 18. Rhf1 Rfc8 19. Bd3 Qa5 20. b3 Bc6 21. Nb2
Qxa2 22. Nc4 Qa1+ 23. Kd2 Qc3+ 24. Kc1 d5 25. Bxh7+ Kxh7 26. Bd4 Bb5 27. Bxc3
bxc3 28. Rg1 Ba3+ 29. Kb1 dxc4 30. g6+ Kg8 31. gxf7+ Kxf7 32. Rde1 Rc6 33. f4
cxb3 34. Qh5+ Kg8 35. Qg6 bxc2+ 36. Ka2 Bf8 37. Qxc2 Rb8 38. Rb1 Rc4 39. Rxb5
Rxb5 40. Rb1 Ra5+ 41. Kb3 Rxf4 42. Qg6 Ra3+ 43. Kc2 Rf2+ 44. Kc1 Raa2 45. Qxe6+
Kh8 46. Qh3 Rac2+ 47. Kd1 Rcd2+ 48. Ke1 Rde2+ 49. Kd1 c2+ 50. Kc1 cxb1=Q+ 51.
Kxb1 Re1# {White checkmated} 0-1

[Event "Team 45 45 League T40"]
[Site "Internet Chess Club"]
[Date "2009.03.01"]
[Round "5"]
[White "ElmerHo"]
[Black "basserben"]
[Result "0-1"]
[WhiteElo "1512"]
[BlackElo "1694"]
[Opening "Caro-Kann: advance variation"]
[ECO "B12"]
[Time "16:00:17"]
[TimeControl "2700+45"]

1. e4 c6 2. d4 d5 3. e5 Bf5 4. Nf3 e6 5. Be2 a6 6. O-O Qb6 7. Nbd2 c5 8. c3 Nc6
9. Nb3 cxd4 10. cxd4 Nge7 11. Bd2 Ng6 12. Rc1 Bg4 13. Bc3 Bb4 14. Qd2 O-O 15. h3
Bxf3 16. Bxf3 a5 17. Rc2 a4 18. Nc1 Rfc8 19. Ne2 a3 20. b3 Bxc3 21. Rxc3 Rc7 22.
Rfc1 Rac8 23. g3 Qb4 24. Qd3 h6 25. Bg4 Qb6 26. Bxe6 Nb4 27. Bxf7+ Kxf7 28.
Rxc7+ Rxc7 29. Rxc7+ Qxc7 30. Qf5+ Kg8 31. Qxg6 Nxa2 32. Qe6+ Kh8 33. Qe8+ Kh7
34. Qb5 Nc1 35. e6 a2 36. e7 Qxe7 37. Nxc1 a1=Q {White resigns} 0-1

[Event "Team 45 45 League T40"]
[Site "Internet Chess Club"]
[Date "2009.03.02"]
[Round "5"]
[White "islanderpfeifer"]
[Black "Invicta-Knight"]
[Result "1-0"]
[WhiteElo "1541"]
[BlackElo "1602"]
[Opening "Old Benoni defense"]
[ECO "A46"]
[Time "16:00:28"]
[TimeControl "2700+45"]

1. d4 Nf6 2. Nf3 c5 3. d5 d6 4. c4 b5 5. cxb5 a6 6. bxa6 Bxa6 7. Nc3 Nbd7 8. a4
g6 9. g3 Bg7 10. Bg2 O-O 11. O-O Qc7 12. Re1 Rfb8 13. e4 Ng4 14. Qc2 Rb7 15. Bd2
Rab8 16. Reb1 Nge5 17. Nxe5 Nxe5 18. Bf1 Nc4 19. Bc1 Ra8 20. b3 Na5 21. Bxa6
Rxa6 22. Nb5 Qd7 23. Bb2 Rb8 24. Bxg7 Kxg7 25. Qc3+ Kf8 26. b4 cxb4 27. Qh8#
{Black checkmated} 1-0

[Event "Team 45 45 League T40"]
[Site "Internet Chess Club"]
[Date "2009.02.26"]
[Round "5"]
[White "EyeAm"]
[Black "Skyler"]
[Result "1-0"]
[WhiteElo "1480"]
[BlackElo "1406"]
[Opening "Caro-Kann: Panov-Botvinnik attack"]
[ECO "B13"]
[Time "20:27:53"]
[TimeControl "2700+45"]

1. e4 c6 2. d4 d5 3. exd5 cxd5 4. c4 Nf6 5. Nc3 a6 6. Nf3 Ra7 7. cxd5 Nxd5 8.
Bc4 Nxc3 9. bxc3 Bf5 10. O-O e6 11. Re1 Be7 12. d5 exd5 13. Qd4 b6 14. Qxg7 Rf8
15. Bh6 Be6 16. Rad1 Rd7 17. Bd3 Bf6 18. Qxf8# {Black checkmated} 1-0

[Event "Team 45 45 League T40"]
[Site "Internet Chess Club"]
[Date "2009.02.25"]
[Round "5"]
[White "az2112"]
[Black "mongmong"]
[Result "1/2-1/2"]
[WhiteElo "1771"]
[BlackElo "1695"]
[Opening "Bogo-Indian defense, Grünfeld variation"]
[ECO "E11"]
[Time "21:03:42"]
[TimeControl "2700+45"]

1. d4 e6 2. c4 Nf6 3. Nf3 Bb4+ 4. Nbd2 b6 5. a3 Bxd2+ 6. Qxd2 Bb7 7. e3 O-O 8.
Bd3 d6 9. O-O Nbd7 10. Qc2 Bxf3 11. gxf3 c5 12. b3 Qe7 13. Bb2 e5 14. Rae1 g6
15. Kh1 Nh5 16. Be4 Rad8 17. Rg1 Ng7 18. f4 exf4 19. exf4 Qh4 20. f5 Nf6 21.
fxg6 fxg6 22. f3 Nxe4 23. Rxe4 Qh3 24. Qg2 Qxf3 25. dxc5 Qxg2+ 26. Kxg2 dxc5 27.
Rge1 Rfe8 28. Bxg7 Rxe4 29. Rxe4 Kxg7 30. Re7+ Kh6 31. Rxa7 Rd2+ 32. Kg1 Rd1+
33. Kf2 Rd2+ 34. Kg1 Rb2 35. a4 Rxb3 36. a5 bxa5 37. Rxa5 Rb1+ 38. Kg2 Rb2+ 39.
Kg3 Rb3+ 40. Kg4 Rb2 41. h3 Rg2+ 42. Kf4 Rg5 43. Ra3 Kh5 44. Ke4 Kh4 45. Rd3 Rg3
46. Rxg3 Kxg3 47. Kd5 Kxh3 48. Kxc5 g5 49. Kd6 g4 50. c5 g3 51. c6 g2 52. c7
g1=Q 53. c8=Q+ Qg4 54. Qb7 h5 55. Qh1+ Kg3 56. Qe1+ Kf4 57. Qf2+ Kg5 58. Ke5 h4
59. Qf6+ Kh5 60. Qf7+ Qg6 61. Qxg6+ Kxg6 62. Kf4 Kh5 63. Kf3 Kg5 64. Kg2 Kg4 65.
Kh2 h3 66. Kh1 Kg3 67. Kg1 {Game drawn by mutual agreement} 1/2-1/2

[Event "Team 45 45 League T40"]
[Site "Internet Chess Club"]
[Date "2009.03.03"]
[Round "5"]
[White "Andressa"]
[Black "Dostoy"]
[Result "1-0"]
[WhiteElo "1541"]
[BlackElo "1605"]
[Opening "Caro-Kann: advance variation"]
[ECO "B12"]
[Time "19:00:15"]
[TimeControl "2700+45"]

1. e4 c6 2. d4 d5 3. e5 c5 4. c3 Nc6 5. Nf3 Bg4 6. Be2 e6 7. h3 Bxf3 8. Bxf3
cxd4 9. cxd4 Qb6 10. Be3 Qxb2 11. Nd2 Qb6 12. O-O Nge7 13. Nb3 Nf5 14. Rb1 Qc7
15. Bg4 Nxe3 16. fxe3 Be7 17. Rc1 O-O 18. Be2 a6 19. Bd3 h6 20. Qe2 Qd7 21. e4
Rac8 22. exd5 Qxd5 23. Qe4 Qxe4 24. Bxe4 Bg5 25. Rcd1 Rfd8 26. a3 Be3+ 27. Kh1
Bxd4 28. Bxc6 Rxc6 29. Nxd4 Rc3 30. Rf3 Rc5 31. Re3 Rcd5 32. Re4 Ra5 33. Rd3 Ra4
34. Kg1 Kh7 35. Rf4 Rd7 36. Kf2 Rd5 37. h4 Kg6 38. Nxe6 fxe6 39. Rg3+ Kh5 40.
Rxa4 Rxe5 41. Rxg7 Rf5+ 42. Kg3 Rd5 43. Rxb7 Rd3+ 44. Kh2 Rd6 45. Ra5+ Kg6 46.
h5+ Kf6 47. Rh7 {Black resigns} 1-0